 Dungeon Crawl Stone Soup version 0.23.2 (webtiles) character file.

Game seed: 14021156188607679316

14894 Fang the Fighter (level 12, -2/120 HPs)
             Began as a Gargoyle Berserker on Apr 2, 2019.
             Was a High Priest of Trog.
             Slain by a 15-headed hydra (8 damage)
             ... on level 1 of the Lair of Beasts.
             The game lasted 00:15:41 (12769 turns).

Fang the Fighter (Gargoyle Berserker)              Turns: 12769, Time: 00:15:42

Health: -2/120     AC: 25    Str: 31    XL:     12   Next: 21%
Magic:  12/12      EV: 21    Int: 13    God:    Trog [*****.]
Gold:   622        SH:  0    Dex: 13    Spells: 11/11 levels left

rFire    . . .     SeeInvis .   a - +3 war axe (protect)
rCold    . . .     Gourm    .   (no shield)
rNeg     + . .     Faith    .   g - +2 leather armour of the Manifold Tables {Int+5 Dex+4}
rPois    ∞         Spirit   .   (no helmet)
rElec    +         Reflect  .   H - +2 cloak
rCorr    .         Harm     .   (no gloves)
MR       .....                  (no boots)
Stlth    ..........             (no amulet)
HPRegen  0.30/turn              s - ring of stealth
MPRegen  0.13/turn              l - +4 ring of evasion

@: berserking (expiring), protection aura, very quick
A: negative energy resistance 1, electricity resistance, unbreathing,
petrification resistance, rot immunity, AC +8
a: Berserk, Trog's Hand, Brothers in Arms, Renounce Religion


You were on level 1 of the Lair of Beasts.
You worshipped Trog.
Trog was extremely pleased with you.
You were very hungry.

You visited 3 branches of the dungeon, and saw 13 of its levels.
You also visited: Gauntlet.

You collected 664 gold pieces.
You spent 42 gold pieces at shops.

Inventory:

Hand Weapons
 a - a +3 war axe of protection (weapon)
 r - a +0 war axe of freezing
 y - a +0 hand axe of electrocution
 z - a +2 hand axe of chopping
Armour
 g - the +2 leather armour of the Manifold Tables (worn) {Int+5 Dex+4}
   (You found it on level 10 of the Dungeon)

   It affects your intelligence (+5).
   It affects your dexterity (+4).
 v - a +0 chain mail
 H - a +2 cloak (worn)
Jewellery
 h - an uncursed ring of protection from cold
 l - a +4 ring of evasion (right hand)
 s - a ring of stealth (left hand)
 K - an uncursed ring of fire
Wands
 e - a wand of enslavement (7)
 q - a wand of polymorph (8)
 u - a wand of flame (41)
 J - a wand of iceblast (7)
Scrolls
 b - a scroll of magic mapping
 d - 7 scrolls of teleportation
 f - 3 scrolls of remove curse
 k - 6 scrolls of fear
 x - a scroll of blinking
 F - a scroll of identify
Potions
 j - 3 potions of resistance
 m - 3 potions of mutation
 o - a potion of invisibility
 p - 5 potions of curing
 t - a potion of agility
 w - a potion of might
 A - 2 potions of haste
 B - 2 potions of heal wounds
 C - a potion of ambrosia
 D - 4 potions of brilliance
 G - 2 potions of berserk rage
Comestibles
 c - 25 rations
 i - a chunk of flesh


   Skills:
 + Level 11.1 Fighting
 + Level 9.4 Axes
 + Level 10.9 Armour
 + Level 8.5 Dodging


You had 11 spell levels left.
You didn't know any spells.
Your spell library was empty.

Dungeon Overview and Level Annotations

Branches:
Dungeon (11/15)            Temple (1/1) D:5            Lair (1/6) D:9
    Orc (0/2) D:11

Altars:
Cheibriados
Dithmenos
Elyvilon
Gozag
Kikubaaqudgha
Makhleb
Ru
Sif Muna
Trog
Uskayaw
Vehumet
Wu Jian
Xom
Yredelemnul
Zin
The Shining One

Shops:
D:11 :?(*


Innate Abilities, Weirdness & Mutations

You are resistant to torment.
Your stone body is resilient. (AC +8)
You are immune to poison.
You resist negative energy. (rN+)
You are resistant to electric shocks. (rElec)
You can survive without breathing.
You are immune to petrification.
You are immune to rotting.


Message History

The 15-headed hydra barely misses you.
The 15-headed hydra bites you but does no damage. x3
The 15-headed hydra misses you. The 15-headed hydra barely misses you.
The 15-headed hydra completely misses you.
You barely miss the 15-headed hydra.
The 15-headed hydra is severely wounded.
The 15-headed hydra bites you!
* * * LOW HITPOINT WARNING * * *
The 15-headed hydra bites you.
* * * LOW HITPOINT WARNING * * *
The 15-headed hydra bites you!
* * * LOW HITPOINT WARNING * * *
The 15-headed hydra barely misses you. The 15-headed hydra bites you.
* * * LOW HITPOINT WARNING * * *
The 15-headed hydra misses you.
The 15-headed hydra completely misses you.
The 15-headed hydra bites you but does no damage. x4
The 15-headed hydra barely misses you. The 15-headed hydra misses you.
The 15-headed hydra closely misses you. The 15-headed hydra bites you!
You die...

##...## #....# ####
##...# ###P.## # #...#
##.....##. ###...##
.........
##P....#######.....# .
.......##..(÷....>.# ..
.......##...##...†###...
........#..##...@†......
.<............(.D†......
.......##.....##.##.....
.......##......≈≈≈#.....
........#.....#≈≈≈#.....
.......##.###..≈≈≈#.....
.......##.##..#####.....
.......##.###...........
.......# .P #...........


You could see a 15-headed hydra.

Vanquished Creatures
  Harold (D:7)
  A two-headed ogre (D:11)
  Erica (D:9)
  An unseen horror (D:10)
  Pikel (D:5)
  Joseph (D:8)
  A komodo dragon (D:9)
  4 trolls
  2 polar bears (D:10)
  Prince Ribbit (D:8)
  2 hippogriffs
  12 yaks
  A basilisk (Lair:1)
  2 wyverns (D:11)
  Grum (D:11)
  A human (D:7)
  4 hogs (D:7)
  A water moccasin (D:11)
  A porcupine (Lair:1)
  2 sky beasts
  3 ice beasts
  4 orc warriors
  A phantom (D:9)
  An eye of draining (D:11)
  A slave (D:5)
  A necrophage (D:6)
  2 ogres
  2 crocodiles
  3 wolves (D:11)
  13 centaurs
  The ghost of withersans the Ducker, an amateur DEGl (D:3)
  8 bullfrogs
  A gnoll sergeant (D:11)
  4 scorpions
  11 killer bees
  11 wights
  A howler monkey (D:6)
  4 crimson imps
  2 quasits
  3 bullfrog zombies
  3 hounds
  3 jellies
  7 orc priests
  2 bullfrog skeletons
  A centaur skeleton (D:5)
  Crazy Yiuf (D:2)
  An iguana (D:11)
  Ijyb (D:3)
  Natasha (thrice) (D:2)
  Terence (D:2)
  8 orc wizards
  14 worker ants
  A hound skeleton (D:11)
  2 worker ant zombies
  A howler monkey zombie (D:5)
  8 gnolls
  18 adders
  2 shadow imps
  An ooze (D:5)
  2 adder zombies
  3 adder skeletons
  2 worms
  2 dart slugs (D:1)
  3 leopard geckos
  30 orcs
  3 giant cockroaches
  5 goblins
  8 hobgoblins
  24 jackals
  4 kobolds
  5 quokkas
  3 ball pythons
  11 bats
  6 frilled lizards
  A leopard gecko skeleton (D:4)
  A quokka skeleton (D:5)
  A quokka zombie (D:7)
  7 rats
317 creatures vanquished.

Vanquished Creatures (others)
  An orc wizard (D:11)
  2 plants (D:9)
3 creatures vanquished.

Grand Total: 320 creatures vanquished

Notes
Turn   | Place    | Note
-------+----------+-------------------------------------------
     0 | D:1      | Fang the Gargoyle Berserker began the quest for the Orb.
     0 | D:1      | Reached XP level 1. HP: 14/14 MP: 1/1
   113 | D:1      | Reached XP level 2. HP: 17/19 MP: 2/2
   507 | D:1      | Reached ** piety under Trog
   538 | D:1      | Reached XP level 3. HP: 21/23 MP: 3/3
   775 | D:2      | Found an opulent altar of Gozag.
   869 | D:2      | Found a white marble altar of Elyvilon.
  1015 | D:2      | Noticed Terence
  1057 | D:2      | Killed Terence
  1057 | D:2      | Reached skill level 4 in Fighting
  1057 | D:2      | Reached XP level 4. HP: 12/29 MP: 4/4
  1377 | D:2      | Found a sacrificial altar of Ru.
  1425 | D:2      | Found a runed translucent door.
  1426 | D:2      | Noticed Crazy Yiuf
  1447 | D:2      | Noticed Natasha
  1467 | D:2      | Killed Natasha
  1467 | D:2      | Reached XP level 5. HP: 22/33 MP: 5/5
  2009 | D:2      | Noticed Natasha
  2019 | D:2      | Killed Natasha
  2048 | D:2      | Killed Crazy Yiuf
  2617 | D:2      | Noticed Natasha
  2623 | D:2      | Killed Natasha
  2767 | D:3      | You fall through a shaft for 3 floors!
  2774 | D:6      | Reached XP level 6. HP: 24/39 MP: 6/6
  3023 | D:6      | Found a shimmering altar of Xom.
  3023 | D:6      | Found a shimmering altar of Xom.
  3023 | D:6      | Found a shimmering altar of Xom.
  3024 | D:6      | Found a shimmering altar of Xom.
  3025 | D:6      | Found a shimmering altar of Xom.
  3395 | D:6      | Reached skill level 5 in Fighting
  3410 | D:6      | Reached XP level 7. HP: 29/44 MP: 7/7
  3703 | D:6      | Found a shimmering altar of Xom.
  3704 | D:6      | Found a shimmering altar of Xom.
  4216 | D:6      | Found a hide-covered altar of Uskayaw.
  4216 | D:6      | Found a glowing silver altar of Zin.
  4324 | D:5      | Entered Level 5 of the Dungeon
  4325 | D:5      | Found a staircase to the Ecumenical Temple.
  4342 | D:5      | Reached skill level 5 in Armour
  4428 | Temple   | Entered the Ecumenical Temple
  4878 | D:5      | Reached *** piety under Trog
  4883 | D:5      | Reached XP level 8. HP: 51/51 MP: 8/8
  5013 | D:5      | Noticed Pikel
  5041 | D:5      | Killed Pikel
  5041 | D:5      | Reached skill level 6 in Fighting
  5041 | D:5      | Reached skill level 5 in Axes
  5200 | D:5      | Found a radiant altar of Vehumet.
  5201 | D:5      | Found a burning altar of Makhleb.
  5722 | D:4      | Found a deep blue altar of Sif Muna.
  5724 | D:4      | Found a snail-covered altar of Cheibriados.
  6160 | D:4      | Reached XP level 9. HP: 41/56 MP: 9/9
  6298 | D:4      | Reached skill level 7 in Fighting
  6307 | D:4      | Found a bloodstained altar of Trog.
  6454 | D:4      | Found a glowing golden altar of the Shining One.
  6564 | D:3      | Found an ornate altar of the Wu Jian Council.
  6663 | D:3      | Noticed Ijyb
  6740 | D:3      | Killed Ijyb
  6758 | D:3      | Found a transporter.
  6758 | D:3      | Noticed withersans's ghost (amateur DEGl)
  6759 | D:3      | Found a transporter.
  6933 | D:3      | Reached **** piety under Trog
  7044 | D:3      | Reached skill level 5 in Dodging
  7098 | D:3      | Received a gift from Trog
  7297 | D:3      | Killed withersans's ghost
  7467 | D:7      | Noticed Harold
  7485 | D:7      | Killed Harold
  7741 | D:7      | Reached skill level 8 in Fighting
  8201 | D:7      | Reached XP level 10. HP: 64/64 MP: 10/10
  8367 | D:8      | Noticed Prince Ribbit
  8447 | D:8      | Noticed Joseph
  8467 | D:8      | Killed Joseph
  8619 | D:8      | Reached ***** piety under Trog
  8625 | D:8      | Reached skill level 9 in Fighting
  8969 | D:8      | Killed Prince Ribbit
  9956 | D:9      | Noticed Erica
  9985 | D:9      | Killed Erica
  9985 | D:9      | Reached XP level 11. HP: 53/72 MP: 11/11
 10142 | D:9      | Found a sacrificial altar of Ru.
 10339 | D:9      | Found a staircase to the Lair.
 10482 | D:10     | Entered Level 10 of the Dungeon
 10562 | D:10     | Reached skill level 10 in Fighting
 10732 | D:10     | Killed an unseen horror
 10878 | D:10     | Got a brightly glowing leather armour
 10889 | D:10     | Identified the +2 leather armour of the Manifold Tables
                  | {Int+5 Dex+4} (You found it on level 10 of the Dungeon)
 10923 | D:10     | Found a bloodstained altar of Trog.
 10940 | D:10     | Reached skill level 10 in Armour
 11226 | D:11     | Found Piffel's Book Emporium.
 11316 | D:11     | Found Qotzamiemao's Magic Scroll Shop.
 11382 | D:11     | Found a gate leading to a gauntlet.
 11392 | Gauntlet | Entered a Gauntlet
 11392 | Gauntlet | Found a transporter.
 11431 | Gauntlet | Found a transporter.
 11436 | Gauntlet | Found a runed translucent gate.
 11436 | Gauntlet | Found a runed translucent gate.
 11436 | Gauntlet | Found a runed translucent gate.
 11436 | Gauntlet | Noticed an entropy weaver
 11437 | Gauntlet | Noticed a wolf spider
 11440 | Gauntlet | Found a transporter.
 11442 | Gauntlet | Noticed a green death
 11444 | Gauntlet | Found a transporter.
 11450 | Gauntlet | Noticed a sixfirhy
 11450 | Gauntlet | Noticed a large abomination
 11451 | Gauntlet | Noticed a large abomination
 11452 | Gauntlet | Found a transporter.
 11452 | Gauntlet | Found a transporter.
 11454 | Gauntlet | Noticed a sixfirhy
 11455 | Gauntlet | Found a transporter.
 11456 | Gauntlet | Found a transporter.
 11461 | Gauntlet | Noticed a sixfirhy
 11556 | D:11     | Noticed a two-headed ogre
 11568 | D:11     | Killed a two-headed ogre
 11760 | D:11     | Noticed Grum
 11777 | D:11     | Killed Grum
 12009 | D:11     | Found a staircase to the Orcish Mines.
 12042 | D:11     | Reached XP level 12. HP: 50/79 MP: 12/12
 12192 | D:11     | Found Ryfaf's Weapon Shoppe.
 12227 | D:11     | Reached skill level 11 in Fighting
 12303 | D:11     | Found Viroz's General Store.
 12519 | Lair:1   | Entered Level 1 of the Lair of Beasts
 12645 | D:11     | Bought a +0 war axe for 42 gold pieces
 12745 | Lair:1   | Noticed a five-headed hydra
 12769 | Lair:1   | HP: 6/120 [15-headed hydra (6)]
 12769 | Lair:1   | Slain by a 15-headed hydra

Skill      XL: |  1  2  3  4  5  6  7  8  9 10 11 12 |
---------------+-------------------------------------+-----
Axes           | 3 4 5 6 8 9 |  9.4
Dodging        | 2 3 4 5 7 8 |  8.5
Fighting       | 4 5 6 8 9 10 11 | 11.1
Armour         | 3 4 5 6 7 9 10 | 10.9

Action                   |  1- 3 |  4- 6 |  7- 9 | 10-12 || total
-------------------------+-------+-------+-------+-------++-------
Melee: Hand axe          |   130 |   138 |   466 |   220 ||   954
       Unarmed           |    27 |     6 |       |       ||    33
       War axe           |       |       |       |   314 ||   314
Invok: Berserk           |     1 |     2 |     6 |     7 ||    16
  Use: Scroll            |       |       |       |    27 ||    27
 Stab: Sleeping          |       |       |       |     2 ||     2
  Eat: Chunk             |     1 |     3 |    18 |    21 ||    43
       Ration            |       |     2 |     1 |       ||     3
Armor: Animal skin       |    11 |       |       |       ||    11
       Scale mail        |    48 |    31 |       |       ||    79
       Chain mail        |       |    39 |   226 |   209 ||   474
       Skin              |       |       |    13 |       ||    13
       Leather armour    |       |       |       |   166 ||   166
Dodge: Dodged            |    99 |   110 |   372 |   737 ||  1318
